AoeStats
← ygtykp

Arabia

510842160Analyzed
1v1 RM · 20h ago on Oct 2, 2026· 27m 59s· 2 players
Game mode
Random Map
Map size
Tiny (2 player)
Population
200
Speed
Normal
Resources
Standard
Victory
Conquest
Starting age
Dark Age
Ending age
Imperial Age
RankedLock teamsTeams togetherTeam positionsShared explorationLock speedFull tech treeHidden civsTurbo modeCheats
Victory
Defeat
🇩🇪 Khmer · Germany
968
+16
🇹🇷 Britons · Türkiye
975
-16
MRO4994
8:07 Loom
8:15 Loom
10:49 Feudal Age
14:53 Castle Age
13:21 Double-Bit Axe
16:06 Horse Collar
18:46 Town Watch
19:52 Scale Barding Armor
23:04 Bloodlines
ygtykp
5:26 Loom
10:39 Feudal Age
11:42 Double-Bit Axe
15:22 Fletching
21:20 Castle Age
21:19 Wheelbarrow
21:15 Padded Archer Armor
21:01 Horse Collar
22:03 Crossbowman
27:19 Horse Collar
Connection lost

Rejoining the realm…

Still unreachable

The connection could not be restored.

Session expired

The server has moved on; the page needs a fresh start.